 Dungeon Crawl Stone Soup version 0.29.1-1-gd02db6906a (webtiles) character file.

Game seed: 10719239446579466410

22 jimonade the Shooter (level 2, -1/16 HPs)
             Began as a Deep Elf Hunter on Sept 17, 2022.
             Slain by an adder (2 damage)
             ... on level 2 of the Dungeon.
             The game lasted 00:01:26 (958 turns).

jimonade the Shooter (Deep Elf Hunter)               Turns: 958, Time: 00:01:26

Health: -1/16      AC:  5    Str:  8    XL:     2   Next: 68%
Magic:  4/4        EV: 10    Int: 13    God:
Gold:   62         SH:  0    Dex: 18    Spells: 1/1 levels left

rFire   . . .      SeeInvis .   b - +1 short sword (elec)
rCold   . . .      Faith    .   (no shield)
rNeg    . . .      Spirit   .   e - +0 ring mail
rPois   .          Reflect  .   (no helmet)
rElec   .          Harm     .   (no cloak)
rCorr   .          Rampage  .   (no gloves)
Will    .....                   (no boots)
Stlth   +.........              (no amulet)
HPRegen 0.05/turn               (no ring)
MPRegen 0.09/turn               (no ring)

@: no status effects
A: no striking features
a: no special abilities


You were on level 2 of the Dungeon.
You visited 1 branch of the dungeon, and saw 2 of its levels.

You collected 62 gold pieces.

Inventory:

Hand Weapons
 a - a +0 shortbow
 b - a +1 short sword of electrocution (weapon)
Armour
 c - a +0 leather armour
 e - a +0 ring mail (worn)
Scrolls
 h - 2 scrolls of identify {unknown}
 i - a scroll of immolation
 j - 3 scrolls of teleportation {unknown}
Potions
 d - a potion of attraction {unknown}
 f - a potion of curing {unknown}
 g - a potion of haste {unknown}


   Skills:
 - Level 1.5 Fighting
 + Level 6.4 Ranged Weapons
 - Level 2.4 Dodging
 - Level 1.2 Stealth


You had one spell level left.
You didn't know any spells.
Your spell library was empty.

Dungeon Overview and Level Annotations

Branches:
Dungeon (2/15)

Altars:

Shops:
D:1 [


Message History

You hear the crackle of electricity.
b - a +1 short sword of electrocution (weapon)
You miss the adder. The adder barely misses you.
You hit the adder.
The adder is lightly wounded.
The adder bites you.
You are poisoned.
The adder poisons you! The adder closely misses you.
You miss the adder.
The adder is lightly wounded.
You feel sick. The adder barely misses you.
You hit the adder.
The adder is moderately wounded.
You feel sick. The adder closely misses you. The adder misses you.
You closely miss the adder.
The adder is moderately wounded.
You feel sick. The adder bites you but does no damage.
You hit the adder.
The adder is heavily wounded.
You feel sick.
You are no longer poisoned.
The adder bites you but does no damage.
You hit the adder.
The adder is severely wounded.
The adder bites you but does no damage. The adder bites you.
You hit the adder but do no damage.
The adder is severely wounded.
The adder bites you.
You hit the adder.
The adder is severely wounded.
The adder barely misses you. The adder bites you.
* * * LOW HITPOINT WARNING * * *
You completely miss the adder.
The adder is severely wounded.
The adder bites you.
* * * LOW HITPOINT WARNING * * *
You hit the adder but do no damage.
The adder is severely wounded.
The adder bites you.
You die...

. .. #.# . #. #.#
#.#. #.# ###.#. ###
#.# ...... ..##.###
#####. #......
###...
#.##S##########.....
#!.@............#...
#.##....#######.....
#. ####.# ##.... r.
#.# #.#.) ### #.#
#.#.# #.# #.#.# ...
#.#.# ... #.#.# ...
....#


You could see an adder.

Vanquished Creatures
  An endoplasm (D:1)
  3 giant cockroaches (D:1)
  3 goblins (D:1)
  2 hobgoblins (D:1)
  3 jackals (D:1)
  3 ball pythons (D:1)
  A bat (D:1)
  A frilled lizard (D:1)
  3 kobolds (D:1)
  A rat (D:1)
21 creatures vanquished.

Notes
Turn   | Place    | Note
-------+----------+-------------------------------------------
     0 | D:1      | jimonade the Deep Elf Hunter began the quest for the Orb.
     0 | D:1      | Reached XP level 1. HP: 12/12 MP: 3/3
   122 | D:1      | Reached XP level 2. HP: 10/16 MP: 4/4
   128 | D:1      | Reached skill level 6 in Ranged Weapons
   660 | D:1      | Found Hoefrune's Armour Shop.
   703 | D:1      | Found a faded altar of an unknown god.
   958 | D:2      | Slain by an adder

Illustrated notes

Levels and vault maps discovered:
D:1:      heliophobic_arrival_glass_houses, layout_basic,
          dreamdust_ecumenical_altar_hidden_monk_grotto, serial_shops,
          shop_fountains
D:2:      layout_loops_ring

Skill      XL: |  1  2 |
---------------+-------+-----
Ranged Weapons | 6 |  6.4
Fighting       | |  1.5
Dodging        | |  2.4
Stealth        | |  1.2

Action                   || total
-------------------------++-------
Melee: Short sword       ||    11
 Fire: Shortbow          ||    60
Armor: Ring mail         ||    21
Dodge: Dodged            ||    22
